 Dungeon Crawl Stone Soup version 0.28-a0-10-g964c8b829e (webtiles) character file.

Game seed: 193627305363670938

548 Gargoyl the Skirmisher (level 7, 0/60 HPs)
             Began as a Gnoll Abyssal Knight on July 25, 2021.
             Was a Believer of Lugonu.
             Succumbed to a scorpion's poison
             ... on level 5 of the Dungeon.
             The game lasted 00:06:14 (4434 turns).

Gargoyl the Skirmisher (Gnoll Abyssal Knight)       Turns: 4434, Time: 00:06:15

Health: 0/60       AC:  8    Str: 13    XL:     7   Next: 28%
Magic:  11/11      EV: 16    Int: 11    God:    Lugonu [**....]
Gold:   135        SH:  0    Dex: 18    Spells: 10/10 levels left

rFire   . . .      SeeInvis .   a - +1 hand axe
rCold   . . .      Faith    .   (no shield)
rNeg    . . .      Spirit   .   l - +0 ring mail
rPois   .          Reflect  .   (no helmet)
rElec   .          Harm     .   (no cloak)
rCorr   .          Rampage  .   (no gloves)
Will    .....                   p - +1 pair of boots
Stlth   ++........              (no amulet)
HPRegen 0.20/turn               c - +6 ring of dexterity
MPRegen 0.12/turn               i - +4 ring of evasion

@: brilliant, lethally poisoned (0 -> -19)
A: fangs 1, strong nose, distributed training
a: Renounce Religion, Depart the Abyss, Bend Space


You were on level 5 of the Dungeon.
You worshipped Lugonu.
Lugonu was pleased with you.
You visited 1 branch of the dungeon, and saw 5 of its levels.
You visited the Abyss 1 time.

You collected 135 gold pieces.

Inventory:

Hand Weapons
 a - a +1 hand axe (weapon)
Missiles
 r - 20 poisoned darts (quivered)
Armour
 l - a +0 ring mail (worn)
 p - a +1 pair of boots (worn)
Jewellery
 c - a +6 ring of dexterity (left hand)
 i - a +4 ring of evasion (right hand)
 j - a ring of flight
Wands
 b - a wand of mindburst (8)
 g - a wand of iceblast (9)
Scrolls
 d - a scroll of teleportation
Potions
 e - a potion of haste
 f - 3 potions of flight
 h - a potion of brilliance


   Skills:
 + Level 7.0 Fighting
 + Level 2.3 Short Blades
 + Level 2.3 Long Blades
 + Level 5.2 Axes
 + Level 2.3 Maces & Flails
 + Level 2.3 Polearms
 + Level 2.3 Staves
 + Level 2.3 Slings
 + Level 2.3 Bows
 + Level 2.3 Crossbows
 + Level 2.3 Throwing
 + Level 5.2 Armour
 + Level 3.5 Dodging
 + Level 2.3 Stealth
 + Level 2.3 Shields
 + Level 2.3 Unarmed Combat
 + Level 2.3 Spellcasting
 + Level 1.9 Conjurations
 + Level 1.9 Hexes
 + Level 1.9 Summonings
 + Level 1.9 Necromancy
 + Level 1.9 Translocations
 + Level 1.9 Transmutations
 + Level 1.9 Fire Magic
 + Level 1.9 Ice Magic
 + Level 1.9 Air Magic
 + Level 1.9 Earth Magic
 + Level 1.9 Poison Magic
 + Level 5.3 Invocations
 + Level 2.3 Evocations


You had 10 spell levels left.
You didn't know any spells.
Your spell library contained the following spells:

 Spells                   Type           Power      Damage    Failure   Level
 Passwall                 Tmut/Erth      6%         N/A       36%         2
 Swiftness                Air            8%         N/A       58%         3
 Invisibility             Hex            4%         N/A       100%        6


Dungeon Overview and Level Annotations

Branches:
Dungeon (5/15)             Temple (0/1) D:4

Altars:
Hepliaklqana
Xom

Annotations:
D:5 1 transporter, Xenoroth's ghost, novice DECj


Innate Abilities, Weirdness & Mutations

You have very sharp teeth.
Your uncanny sense of smell can sniff out nearby items.
Your experience applies equally to all skills.


Message History

The scorpion poisons you!
You hit the scorpion.
The scorpion is heavily wounded.
You feel very sick. The scorpion misses you.
You barely miss the scorpion.
The scorpion is heavily wounded.
You feel very sick. The scorpion barely misses you. The scorpion stings you.
You are more poisoned.
The scorpion poisons you!
You closely miss the scorpion.
You bite the scorpion, but do no damage.
The scorpion is heavily wounded.
You feel very sick. The scorpion stings you.
You closely miss the scorpion. You bite the scorpion.
The scorpion is heavily wounded.
* * * LOW HITPOINT WARNING * * *
You feel very sick.
The scorpion stings you but does no damage.
You hit the scorpion.
The scorpion is severely wounded.
* * * LOW HITPOINT WARNING * * *
You feel very sick. The scorpion completely misses you.
Okay, then.
It was a potion of brilliance.
You feel clever all of a sudden.
* * * LOW HITPOINT WARNING * * *
You feel very sick. The scorpion closely misses you. The scorpion stings you.
* * * LOW HITPOINT WARNING * * *
You are more poisoned.
The scorpion poisons you!
Okay, then.
You hit the scorpion but do no damage.
You bite the scorpion, but do no damage.
The scorpion is severely wounded.
You die...

#.. #.........##. #...
#.........##. #...
#.........##. #...
#(........##. #..#
#.........##. # #..#
###...######.
#.#..######...######.
#....................
#+#.@................
...>..s#######...#######
^...... #)..# .......
##### ......# ####.# #.
#.


You could see a scorpion.

Vanquished Creatures
  Edmund (D:4)
  A phantom (D:5)
  A water moccasin zombie (D:5)
  A howler monkey (D:4)
  A jelly (D:4)
  A hound (D:4)
  A bullfrog skeleton (D:4)
  Natasha (twice) (D:4)
  A gnoll (D:1)
  A howler monkey skeleton (D:5)
  4 adders
  A worm (D:2)
  3 dart slugs
  2 orcs (D:2)
  2 ball pythons
  5 endoplasms
  2 giant cockroaches
  5 goblins
  2 hobgoblins
  8 jackals
  3 kobolds
  A quokka (D:3)
  9 bats
  6 frilled lizards
  9 rats
73 creatures vanquished.

Vanquished Creatures (collateral kills)
  An endoplasm (D:4)
  A kobold (D:4)
2 creatures vanquished.

Vanquished Creatures (others)
  A plant (D:2)
1 creature vanquished.

Grand Total: 76 creatures vanquished

Notes
Turn   | Place    | Note
-------+----------+-------------------------------------------
     0 | Abyss:1  | Gargoyl the Gnoll Abyssal Knight began the quest for the
                  | Orb.
     0 | Abyss:1  | Reached XP level 1. HP: 23/23 MP: 3/3
    76 | Abyss:1  | Noticed a rakshasa
    77 | D:1      | Escaped the Abyss
   104 | D:1      | Reached XP level 2. HP: 15/29 MP: 5/5
   272 | D:1      | Reached * piety under Lugonu
   554 | D:1      | Reached XP level 3. HP: 31/35 MP: 6/6
  1033 | D:2      | Found a faded altar of an unknown god.
  1213 | D:2      | Reached skill level 1 in Short Blades
  1213 | D:2      | Reached skill level 1 in Long Blades
  1213 | D:2      | Reached skill level 1 in Maces & Flails
  1213 | D:2      | Reached skill level 1 in Polearms
  1213 | D:2      | Reached skill level 1 in Staves
  1213 | D:2      | Reached skill level 1 in Slings
  1213 | D:2      | Reached skill level 1 in Bows
  1213 | D:2      | Reached skill level 1 in Crossbows
  1213 | D:2      | Reached skill level 1 in Throwing
  1213 | D:2      | Reached skill level 1 in Stealth
  1213 | D:2      | Reached skill level 1 in Shields
  1213 | D:2      | Reached skill level 1 in Unarmed Combat
  1213 | D:2      | Reached skill level 1 in Spellcasting
  1213 | D:2      | Reached skill level 1 in Evocations
  1346 | D:2      | Reached XP level 4. HP: 39/41 MP: 7/7
  1982 | D:3      | Reached ** piety under Lugonu
  2077 | D:3      | Reached skill level 1 in Conjurations
  2077 | D:3      | Reached skill level 1 in Hexes
  2077 | D:3      | Reached skill level 1 in Summonings
  2077 | D:3      | Reached skill level 1 in Necromancy
  2077 | D:3      | Reached skill level 1 in Translocations
  2077 | D:3      | Reached skill level 1 in Transmutations
  2077 | D:3      | Reached skill level 1 in Fire Magic
  2077 | D:3      | Reached skill level 1 in Ice Magic
  2077 | D:3      | Reached skill level 1 in Air Magic
  2077 | D:3      | Reached skill level 1 in Earth Magic
  2077 | D:3      | Reached skill level 1 in Poison Magic
  2646 | D:4      | Reached XP level 5. HP: 47/47 MP: 8/8
  2704 | D:4      | Noticed Edmund
  3073 | D:4      | Reached skill level 5 in Invocations
  3073 | D:4      | Reached XP level 6. HP: 34/53 MP: 9/9
  3275 | D:4      | Found a staircase to the Ecumenical Temple.
  3320 | D:4      | Noticed Natasha
  3331 | D:4      | Killed Natasha
  3362 | D:4      | Found a hazy altar of Hepliaklqana.
  3363 | D:4      | Found a shimmering altar of Xom.
  3364 | D:4      | Noticed a spectral ugly thing
  3642 | D:4      | Noticed Natasha
  3655 | D:4      | Killed Natasha
  3770 | D:4      | Killed Edmund
  3771 | D:4      | Reached skill level 5 in Axes
  3771 | D:4      | Reached skill level 5 in Armour
  3992 | D:5      | Entered Level 5 of the Dungeon
  4050 | D:5      | Reached XP level 7. HP: 42/59 MP: 10/10
  4190 | D:5      | Found a transporter.
  4198 | D:5      | Noticed Xenoroth's ghost (novice DECj)
  4201 | D:5      | Reached skill level 7 in Fighting
  4434 | D:5      | Succumbed to a scorpion's poison

Illustrated notes

Levels and vault maps discovered:
D:1:      dpeg_arrival_ratfight, layout_basic, minivault_5
D:2:      layout_loops_cross, hellmonk_ecumenical_altar_run_dry, minivault_25,
          dk_noncrumbling_3, serial_bayou_pond_c
D:3:      layout_basic
D:4:      layout_basic, regret_index_temple_of_mockery,
          minmay_temple_entry_hall, uniq_natasha, uniq_edmund
D:5:      layout_basic, gammafunk_ghost_arena

Skill      XL: |  1  2  3  4  5  6  7 |
---------------+----------------------+-----
Short Blades   | 1 2 |  2.3
Long Blades    | 1 2 |  2.3
Maces & Flails | 1 2 |  2.3
Polearms       | 1 2 |  2.3
Staves         | 1 2 |  2.3
Slings         | 1 2 |  2.3
Bows           | 1 2 |  2.3
Crossbows      | 1 2 |  2.3
Throwing       | 1 2 |  2.3
Stealth        | 1 2 |  2.3
Shields        | 1 2 |  2.3
Unarmed Combat | 1 2 |  2.3
Spellcasting   | 1 2 |  2.3
Evocations     | 1 2 |  2.3
Conjurations   | 1 |  1.9
Hexes          | 1 |  1.9
Summonings     | 1 |  1.9
Necromancy     | 1 |  1.9
Translocations | 1 |  1.9
Transmutations | 1 |  1.9
Fire Magic     | 1 |  1.9
Ice Magic      | 1 |  1.9
Air Magic      | 1 |  1.9
Earth Magic    | 1 |  1.9
Poison Magic   | 1 |  1.9
Dodging        | 3 |  3.5
Invocations    | 5 |  5.3
Axes           | 5 |  5.2
Armour         | 5 |  5.2
Fighting       | 7 |  7.0

Action                   |  1- 3 |  4- 6 |  7- 9 || total
-------------------------+-------+-------+-------++-------
Melee: Hand axe          |    86 |   167 |    34 ||   287
       Bite              |     7 |    14 |     9 ||    30
       Punch             |       |     1 |     1 ||     2
Throw: Dart              |       |    17 |       ||    17
Invok: Depart the Abyss  |     1 |       |       ||     1
  Use: Scroll            |       |    12 |     1 ||    13
       Potion            |       |     1 |     1 ||     2
Armor: Leather armour    |    21 |       |       ||    21
       Ring mail         |    11 |    47 |     4 ||    62
Dodge: Dodged            |    67 |   155 |    23 ||   245

Table legend: (Time is in decaauts)
 A = Elapsed time spent in this place.
 B = Non-inter-level travel time spent in this place.
 C = Inter-level travel time spent in this place.
 D = Time resting spent in this place.
 E = Time spent auto-exploring this place.
 F = Levels seen in this place.
 G = Mean time per level.
                   A        B        C        D        E       F      G
               +--------+--------+--------+--------+--------+-----+--------+
         Total |   4431 |   4244 |    187 |    154 |   3219 |   6 |  738.5 |
       Dungeon |   4354 |   4167 |    187 |    154 |   3147 |   5 |  870.8 |
         Abyss |     76 |     76 |      0 |      0 |     72 |   1 |   76.0 |
               +--------+--------+--------+--------+--------+-----+--------+

Top non-repeatable levels by time:
     D:4: 1181 daAuts
     D:3: 1039 daAuts
     D:2: 848 daAuts
     D:1: 841 daAuts
     D:5: 444 daAuts
 Abyss:1: 76 daAuts
